 Dungeon Sprint DCSS version 0.17-a0-1450-g7e755d1 (webtiles) character file.

366072 hexophile the Conqueror (level 21, -15/251 HPs)
             Began as a Naga Monk on June 30, 2015.
             Was a High Priest of Cheibriados.
             Demolished by an azure jelly (55 damage)
             ... created by the royal jelly
             ... in the Dungeon (Sprint IX: "|||||||||||||||||||||||||||||").
             The game lasted 00:38:32 (8870 turns).

hexophile the Conqueror (Naga Monk)                 Turns: 8870, Time: 00:38:33

Health: -15/251    AC:  9    Str: 37    XL:     21   Next: 73%
Magic:  4/40       EV: 33    Int: 22    God:    Cheibriados [*****.]
Gold:   1912       SH: 33    Dex: 32    Spells: 0 memorised, 51 levels left

rFire  + + .     SeeInvis +       - Unarmed
rCold  x . .     Clarity  .     R - +4 plate armour {rF+}
rNeg   . . .     SustAt   .     F - +2 large shield {AC+3}
rPois  +         Gourm    .     S - +2 hat
rElec  +         Spirit   .     a - +2 cloak
rCorr  .         Warding  .     A - +1 pair of gloves {Dex+3}
rMut   .         NoTele   +     (no barding)
MR     ++...                    (no amulet)
Stlth  +.........               Q - ring "Fubedeps" {rElec rPois rF+ rC- Stlth+}
                                p - +6 ring of strength

@: corroded equipment, very slightly contaminated, very slow, very resistant to
hostile enchantments, very unstealthy
A: stinger 2, rugged brown scales 1, see invisible, deformed body, dopey 1,
poison resistance, slowness 2, slow metabolism 1, spit poison 2, constrict 1, AC
+7
a: Spit Poison, Bend Time, Temporal Distortion, Slouch, Step From Time, Renounce
Religion
}: 4/15 runes: decaying, serpentine, silver, gossamer


You were in the Dungeon.
You worshipped Cheibriados.
Cheibriados was extremely pleased with you.
You were not hungry.

You visited 1 branch You collected 1987 gold pieces.
You spent 75 gold pieces at shops.

Inventory:

Armour
 a - a +2 cloak (worn)
 y - a +2 storm dragon armour
 A - a +1 pair of gloves of dexterity (worn)
 F - a +2 large shield of protection (worn)
 R - a +4 plate armour of fire resistance (worn)
 S - a +2 hat (worn)
Jewellery
 m - a +4 ring of evasion
 n - a +3 ring of intelligence
 o - a +6 ring of intelligence
 p - a +6 ring of strength (left hand)
 x - an uncursed ring of see invisible
 z - a +6 ring of intelligence
 C - a +6 ring of dexterity
 L - a cursed -3 ring of strength
 M - the ring "Qabef" {+Inv Int-3 Dex+2 Slay+3}
   (You found it in the Dungeon)

   [ring of invisibility]

   It affects your intelligence (-3).
   It affects your dexterity (+2).
   It affects your accuracy and damage with ranged weapons and melee attacks
   (+3).
   It lets you turn invisible.
 N - the amulet of the Four Nights {rCorr rF+ Int+2 Stlth-}
   (You found it in the Dungeon)

   [amulet of resist corrosion]

   It protects you from acid and corrosion.
   It affects your intelligence (+2).
   It protects you from fire.
   It makes you less stealthy.
 O - the ring "Xoifagyh" {rC+ MP+9 Str-4 Stlth+}
   (You found it in the Dungeon)

   [ring of protection from cold]

   It affects your strength (-4).
   It protects you from cold.
   It affects your magic capacity (+9).
   It makes you more stealthy.
 P - a ring of Sudgheom {*Drain rC++ AC+3 Int+2}
   (You found it in the Dungeon)

   [ring of protection]

   It affects your AC (+3).
   It affects your intelligence (+2).
   It greatly protects you from cold.
   It causes draining when unequipped.
 Q - the ring "Fubedeps" (right hand) {rElec rPois rF+ rC- Stlth+}
   (You found it in the Dungeon)

   [ring of protection from fire]

   It protects you from fire.
   It makes you vulnerable to cold.
   It insulates you from electricity.
   It protects you from poison.
   It makes you more stealthy.
Magical devices
 l - a wand of draining (5)
Scrolls
 j - 8 scrolls of remove curse
 k - 2 scrolls of amnesia
 t - 3 scrolls of identify
 D - 3 scrolls of enchant weapon
 E - 2 scrolls of fear
 H - 6 scrolls of fog
Potions
 c - 8 potions of curing
 d - a potion of brilliance
 e - 2 potions of haste
 f - 3 potions of magic
 g - a potion of berserk rage
 h - 2 potions of agility
 q - 2 potions of cure mutation
 r - a potion of cancellation {unknown}
 B - 4 potions of might
 G - 2 potions of resistance
Books
 K - a book of Hinderance

   Spells                             Type                      Level
   a - Confusing Touch                Hexes                        2
   b - Confuse                        Hexes                        3
   c - Gell's Gravitas                Hexes/Translocation          3
   d - Petrify                        Transmutation/Earth          4
   e - Metabolic Englaciation         Hexes/Ice                    5
Comestibles
 b - 13 bread rations
 s - 7 meat rations
 v - 35 fruits


   Skills:
 O Level 27 Fighting
 O Level 27 Armour
 O Level 27 Dodging
 - Level 5.1 Stealth
 O Level 27 Shields
 O Level 27 Unarmed Combat
 - Level 15.5 Spellcasting
 + Level 22.5 Invocations
 - Level 16.2 Evocations


You had 51 spell levels left.
You didn't know any spells.

Dungeon Overview and Level Annotations

Branches:
Dungeon (1/1)

Altars:
Cheibriados
Dithmenos
Elyvilon
Fedhas
Gozag
Kikubaaqudgha
Makhleb
Nemelex Xobeh
Okawaru
Qazlal
Ru
Sif Muna
Trog
Vehumet
Xom
Yredelemnul
Zin
The Shining One
Beogh
Jiyva
Lugonu

Shops:
D %}(*


Innate Abilities, Weirdness & Mutations

You cannot wear boots.
Your serpentine skin is tough (AC +7).
You have supernaturally acute eyesight.
Armour fits poorly on your strangely shaped body.
Your system is resistant to poisons.
You cover ground very slowly.
You have a slow metabolism.
You can spit poison.
You can use your snake-like lower body to constrict enemies.
Your tail ends in a sharp poisonous barb.
You are partially covered in rugged brown scales (AC +1, +3% HP).
You are dopey. (Int -2)


Message History

The acid blob completely misses you.
You pummel the acid blob!!
Your hands burn!
* * * LOW HITPOINT WARNING * * *
You tail-slap the acid blob!
The acid blob is almost dead.
You punch the acid blob!
You kill the acid blob!
That felt strangely unrewarding.
You block the acid blob's attack. x2
The acid blob completely misses you. The acid blob spits acid at you.
The splash of acid misses you.
The giant eyeball turns its gaze towards you.
You pound the acid blob into fine dust!!!
You kill the acid blob!
That felt strangely unrewarding.
The azure jelly completely misses you. The azure jelly hits you.
* * * LOW HITPOINT WARNING * * *
The azure jelly freezes you!!!
You feel a terrible chill!
You die...

♣♣♣♣♣▓▓▓▓▓▓▓▓▓▓▓▓▓▓▓▓▓▓▓▓▓▓▓▓▓▓▓
....((())(()))).@J..'.G..J.JJGJ.
♣♣♣♣♣▓▓▓▓▓▓▓▓▓▓▓▓▓▓▓▓▓▓▓▓▓▓▓▓▓▓▓▓
.................................
▓▓▓▓▓▓▓▓▓▓▓▓▓▓▓▓▓▓▓▓▓▓▓▓▓▓▓▓▓▓▓▓▓
÷......'.'.'.'..[††..)......'....
▓▓▓▓▓▓▓▓▓▓▓▓▓▓▓▓▓▓▓▓▓▓▓▓▓▓▓▓▓▓▓▓▓
.................................
▓▓▓▓▓▓▓▓▓▓▓▓▓▓▓▓▓▓▓▓▓▓▓▓▓▓▓▓▓▓▓▓▓
....))))....[†)......').)†.....).


You could see an azure jelly and a giant eyeball.

Vanquished Creatures
  the royal jelly (D)
  5 orbs of fire (D)
  Mara (D)
  Mennas (D)
  4 ancient liches (D)
  Frederick (D)
  Margery (D)
  Norris (D)
  A curse toe (D)
  5 golden dragons (D)
  Nikola (D)
  Jory (D)
  Xtahua (D)
  2 electric golems (D)
  A tentacled monstrosity (D)
  4 liches (D)
  26 Orb Guardians (D)
  3 deep elf blademasters (D)
  10 acid blobs (D)
  2 deep elf master archers (D)
  A quicksilver dragon (D)
  9 shadow dragons (D)
  3 greater nagas (D)
  3 storm dragons (D)
  2 draconian monks (D)
  2 tengu reavers (D)
  Ilsuiw (D)
  3 fire giants (D)
  A deep elf sorcerer (D)
  2 frost giants (D)
  6 azure jellies (D)
  A draconian knight (D)
  2 vault wardens (D)
  A ghost moth (D)
  Louise (D)
  7 emperor scorpions (D)
  3 draconian zealots (D)
  A draconian shifter (D)
  6 stone giants (D)
  2 ironheart preservers (D)
  A draconian annihilator (D)
  3 green draconians (D)
  2 draconian callers (D)
  6 vampire knights (D)
  3 deep elf demonologists (D)
  4 purple draconians (D)
  A black draconian (D)
  2 deep elf annihilators (D)
  2 white draconians (D)
  4 mottled draconians (D)
  2 ettins (D)
  4 yellow draconians (D)
  3 deep elf death magi (D)
  5 merfolk javelineers (D)
  3 death oozes (D)
  4 merfolk impalers (D)
  2 fire dragons (D)
  An entropy weaver (D)
  2 ogre magi (D)
  25 vault guards (D)
  6 yaktaur captains (D)
  7 hydras (D)
  6 centaur warriors (D)
  3 ice dragons (D)
  3 death cobs (D)
  5 naga warriors (D)
  A merfolk avatar (D)
  A rakshasa (D)
  2 merfolk aquamancers (D)
  A satyr (D)
  An alligator (D)
  A deep troll earth mage (D)
  6 death yaks (D)
  2 deep troll shamans (D)
  3 hell knights (D)
  Urug (D)
  A deep elf knight (D)
  2 giant orange brains (D)
  5 swamp dragons (D)
  A sea snake (D)
  A hill giant (D)
  2 flayed ghosts (D)
  3 ironbrand convokers (D)
  4 necromancers (D)
  5 orc sorcerers (D)
  4 manticores (D)
  3 wolf spiders (D)
  2 harpies (D)
  2 griffons (D)
  2 hornets (D)
  3 ugly things (D)
  An orb spider (D)
  3 cyclopes (D)
  A salamander (shapeshifter) (D)
  4 orc knights (D)
  9 moths of wrath (D)
  Maurice (D)
  2 spiny frogs (D)
  Joseph (D)
  3 naga magi (D)
  A vault sentinel (D)
  3 black mambas (D)
  A green draconian zombie (D)
  A guardian serpent (shapeshifter) (D)
  A white draconian zombie (D)
  4 guardian serpents (D)
  A tengu conjurer (D)
  A komodo dragon (D)
  2 yaktaurs (D)
  A troll (D)
  3 jumping spiders (D)
  2 giant leeches (D)
  2 merfolk (D)
  A queen bee (shapeshifter) (D)
  A freezing wraith (D)
  3 slime creatures (D)
  A wind drake (D)
  A bog body (D)
  An ice dragon zombie (D)
  A trapdoor spider (D)
  2 redbacks (D)
  13 spriggans (D)
  2 tarantellas (D)
  A deep elf fighter (D)
  A golden eye (D)
  2 hippogriffs (D)
  A trapdoor spider (shapeshifter) (D)
  4 yaks (D)
  A wolf (D)
  A mottled dragon (D)
  3 vampire mosquitoes (D)
  4 nagas (D)
  3 water moccasins (D)
  A swamp drake (D)
  An ice beast (D)
  2 wasps (D)
  A spider (D)
  14 orc warriors (D)
  4 crocodiles (D)
  A big kobold (D)
  6 giant frogs (D)
  A scorpion (D)
  A crimson imp (D)
  5 orc priests (D)
  An iguana (D)
  10 orc wizards (D)
  A worker ant (D)
  3 river rats (D)
  An adder (D)
  2 giant geckos (D)
  6 orcs (D)
  A bat zombie (D)
  3 goblins (D)
  A hobgoblin (D)
  A quokka (D)
459 creatures vanquished.

Vanquished Creatures (others)
  Boris (D)
  A shadow dragon (D)
  A draconian knight (D)
3 creatures vanquished.

Grand Total: 462 creatures vanquished

Notes
Turn   | Place    | Note
--------------------------------------------------------------
     0 | D        | hexophile the Naga Monk began the quest for the Orb.
     0 | D        | Reached XP level 1. HP: 21/21 MP: 1/1
    14 | D        | Reached XP level 2. HP: 28/28 MP: 2/2
    20 | D        | Noticed a worker ant
    39 | D        | Reached skill level 5 in Unarmed Combat
    47 | D        | Killed a worker ant
    47 | D        | Reached skill level 5 in Stealth
    47 | D        | Reached XP level 3. HP: 33/37 MP: 3/3
    53 | D        | Found a glowing silver altar of Zin.
    53 | D        | Found a glowing golden altar of the Shining One.
    53 | D        | Found an ancient bone altar of Kikubaaqudgha.
    53 | D        | Found a basalt altar of Yredelemnul.
    53 | D        | Found a shimmering altar of Xom.
    53 | D        | Found a radiant altar of Vehumet.
    54 | D        | Found an iron altar of Okawaru.
    55 | D        | Found a burning altar of Makhleb.
    56 | D        | Found a deep blue altar of Sif Muna.
    57 | D        | Found a bloodstained altar of Trog.
    58 | D        | Found a sparkling altar of Nemelex Xobeh.
    59 | D        | Found a white marble altar of Elyvilon.
    60 | D        | Found a roughly hewn altar of Beogh.
    61 | D        | Found a viscous altar of Jiyva.
    62 | D        | Found a corrupted altar of Lugonu.
    63 | D        | Found a blossoming altar of Fedhas.
    64 | D        | Found a snail-covered altar of Cheibriados.
    65 | D        | Found a shadowy altar of Dithmenos.
    66 | D        | Found a stormy altar of Qazlal.
    67 | D        | Found an opulent altar of Gozag.
    68 | D        | Found a sacrificial altar of Ru.
    76 | D        | Became a worshipper of Cheibriados the Contemplative
    76 | D        | Acquired Cheibriados's first power
   129 | D        | Noticed an ice beast
   129 | D        | Noticed an orc warrior
   129 | D        | Noticed a troll
   129 | D        | Noticed a giant frog
   129 | D        | Noticed a giant frog
   129 | D        | Noticed a big kobold
   131 | D        | Killed an ice beast
   131 | D        | Reached skill level 6 in Fighting
   131 | D        | Reached skill level 7 in Unarmed Combat
   131 | D        | Reached XP level 4. HP: 43/49 MP: 4/4
   131 | D        | Reached XP level 5. HP: 49/56 MP: 5/5
   133 | D        | Killed an orc warrior
   133 | D        | Reached skill level 8 in Fighting
   134 | D        | Killed a troll
   134 | D        | Acquired Cheibriados's second power
   134 | D        | Reached skill level 10 in Fighting
   134 | D        | Reached skill level 10 in Unarmed Combat
   134 | D        | Reached XP level 6. HP: 50/72 MP: 6/6
   134 | D        | Reached XP level 7. HP: 54/79 MP: 7/7
   135 | D        | Killed a giant frog
   137 | D        | Killed a giant frog
   137 | D        | Acquired Cheibriados's third power
   137 | D        | Reached skill level 11 in Unarmed Combat
   143 | D        | Killed a big kobold
   149 | D        | Noticed a scorpion
   149 | D        | Noticed a giant frog
   149 | D        | Noticed a hippogriff
   149 | D        | Noticed a cyclops
   149 | D        | Noticed a hill giant
   152 | D        | Killed a scorpion
   152 | D        | Acquired Cheibriados's fourth power
   154 | D        | Killed a giant frog
   154 | D        | Killed a hippogriff
   154 | D        | Reached skill level 12 in Unarmed Combat
   154 | D        | Reached XP level 8. HP: 51/91 MP: 8/8
   199 | D        | Killed a cyclops
   199 | D        | Reached skill level 13 in Unarmed Combat
   602 | D        | Killed a hill giant
   602 | D        | Reached XP level 9. HP: 55/102 MP: 8/11
   866 | D        | Noticed an iguana
   866 | D        | Noticed a giant frog
   866 | D        | Noticed a giant frog
   866 | D        | Noticed a crocodile
   866 | D        | Noticed a crocodile
   866 | D        | Noticed a wolf
   869 | D        | Killed an iguana
   869 | D        | Reached skill level 5 in Dodging
   871 | D        | Killed a giant frog
   872 | D        | Noticed a hippogriff
   873 | D        | Killed a giant frog
   876 | D        | Killed a crocodile
   880 | D        | Killed a crocodile
   884 | D        | Killed a wolf
   884 | D        | Reached skill level 5 in Evocations
   888 | D        | Killed a hippogriff
   971 | D        | Noticed a crocodile
   971 | D        | Noticed a water moccasin
   971 | D        | Noticed a water moccasin
   971 | D        | Noticed a yak
   971 | D        | Noticed a water moccasin
   972 | D        | Noticed a komodo dragon
   976 | D        | Noticed a crocodile
   976 | D        | Killed a crocodile
   980 | D        | Killed a water moccasin
   985 | D        | Killed a water moccasin
   987 | D        | Killed a yak
   989 | D        | Killed a water moccasin
   989 | D        | Reached skill level 14 in Fighting
   995 | D        | Killed a komodo dragon
   999 | D        | Killed a crocodile
  1001 | D        | Noticed a yak
  1008 | D        | Killed a yak
  1008 | D        | Reached XP level 10. HP: 49/112 MP: 15/15
  1230 | D        | Noticed a death yak
  1230 | D        | Noticed a death yak
  1230 | D        | Noticed a yak
  1230 | D        | Noticed a death yak
  1230 | D        | Noticed a death yak
  1230 | D        | Noticed a yak
  1231 | D        | Noticed a death yak
  1232 | D        | Noticed a death yak
  1240 | D        | Killed a death yak
  1252 | D        | Killed a death yak
  1255 | D        | Killed a death yak
  1255 | D        | Reached skill level 15 in Fighting
  1264 | D        | Killed a death yak
  1264 | D        | Killed a death yak
  1265 | D        | Killed a death yak
  1265 | D        | Reached skill level 10 in Evocations
  1265 | D        | Reached XP level 11. HP: 41/123 MP: 11/18
  1265 | D        | Killed a yak
  1265 | D        | Killed a yak
  1661 | D        | Noticed an orc priest
  1661 | D        | Noticed an orc priest
  1661 | D        | Noticed an orc wizard
  1661 | D        | Noticed an orc priest
  1661 | D        | Noticed an orc warrior
  1664 | D        | Killed an orc priest
  1664 | D        | Killed an orc priest
  1664 | D        | Killed an orc wizard
  1664 | D        | Killed an orc priest
  1665 | D        | Noticed an orc priest
  1670 | D        | Killed an orc warrior
  1671 | D        | Noticed an orc warrior
  1672 | D        | Killed an orc priest
  1675 | D        | Noticed an orc priest
  1677 | D        | Killed an orc warrior
  1679 | D        | Noticed an orc wizard
  1685 | D        | Killed an orc priest
  1688 | D        | Killed an orc wizard
  1693 | D        | Noticed an orc warrior
  1693 | D        | Noticed an orc knight
  1693 | D        | Noticed an orc knight
  1693 | D        | Noticed an orc warrior
  1693 | D        | Noticed an orc warrior
  1693 | D        | Noticed an orc warrior
  1696 | D        | Noticed an orc warrior
  1697 | D        | Killed an orc warrior
  1698 | D        | Killed an orc knight
  1698 | D        | Killed an orc warrior
  1698 | D        | Reached skill level 16 in Fighting
  1698 | D        | Killed an orc warrior
  1698 | D        | Reached skill level 10 in Dodging
  1698 | D        | Killed an orc warrior
  1698 | D        | Killed an orc warrior
  1700 | D        | Noticed an orc warrior
  1701 | D        | Killed an orc knight
  1702 | D        | Noticed an orc warrior
  1703 | D        | Noticed an orc warrior
  1703 | D        | Noticed an orc warrior
  1707 | D        | Killed an orc warrior
  1711 | D        | Killed an orc warrior
  1714 | D        | Killed an orc warrior
  1721 | D        | Killed an orc warrior
  1722 | D        | Noticed an orc warrior
  1727 | D        | Killed an orc warrior
  1969 | D        | Found Saakk's Food Emporium.
  1969 | D        | Noticed an orc wizard
  1969 | D        | Noticed an orc sorcerer
  1969 | D        | Noticed an orc wizard
  1969 | D        | Noticed an orc wizard
  1969 | D        | Noticed an orc sorcerer
  1970 | D        | Killed an orc wizard
  1970 | D        | Killed an orc wizard
  1970 | D        | Killed an orc wizard
  1971 | D        | Noticed an orc sorcerer
  1975 | D        | Killed an orc sorcerer
  1975 | D        | Reached skill level 15 in Unarmed Combat
  1977 | D        | Killed an orc sorcerer
  1977 | D        | Killed an orc sorcerer
  1982 | D        | Noticed an orc wizard
  1985 | D        | Found Oracurai's Gadget Shoppe.
  1988 | D        | Found Bihadd's Weapon Emporium.
  1989 | D        | Noticed an orc wizard
  1990 | D        | Found Orchapere's General Store.
  1990 | D        | Noticed an orc wizard
  1991 | D        | Noticed an orc wizard
  1992 | D        | Noticed an orc wizard
  1992 | D        | Killed an orc wizard
  1997 | D        | Noticed an orc sorcerer
  1997 | D        | Killed an orc wizard
  2000 | D        | Killed an orc wizard
  2004 | D        | Killed an orc wizard
  2011 | D        | Killed an orc sorcerer
  2012 | D        | Killed an orc wizard
  2016 | D        | Noticed an orc sorcerer
  2024 | D        | Paralysed by an orc sorcerer for 5 turns
  2032 | D        | Killed an orc sorcerer
  2068 | D        | Bought a scroll of blinking for 75 gold pieces
  2190 | D        | Noticed Maurice
  2203 | D        | Killed Maurice
  2227 | D        | Noticed Joseph
  2241 | D        | Killed Joseph
  2429 | D        | Noticed a giant frog
  2429 | D        | Noticed an orc warrior
  2429 | D        | Noticed a manticore
  2429 | D        | Noticed an orc knight
  2429 | D        | Noticed a cyclops
  2429 | D        | Noticed a slime creature
  2430 | D        | Noticed a centaur warrior
  2431 | D        | Killed a giant frog
  2432 | D        | Noticed a salamander
  2433 | D        | Killed an orc warrior
  2439 | D        | Killed a manticore
  2439 | D        | Reached skill level 1 in Shields
  2440 | D        | Noticed a centaur warrior
  2443 | D        | Noticed a centaur warrior
  2445 | D        | Killed an orc knight
  2445 | D        | Reached XP level 12. HP: 85/135 MP: 21/21
  2451 | D        | Noticed a deep troll shaman
  2452 | D        | Killed a centaur warrior
  2452 | D        | Killed a centaur warrior
  2452 | D        | Killed a centaur warrior
  2452 | D        | Reached skill level 5 in Shields
  2453 | D        | Killed a cyclops
  2455 | D        | Killed a slime creature
  2456 | D        | Killed a salamander
  2458 | D        | Noticed a green ugly thing
  2459 | D        | Killed a deep troll shaman
  2461 | D        | Noticed a stone giant
  2465 | D        | Noticed a deep troll earth mage
  2466 | D        | Killed a green ugly thing
  2472 | D        | Killed a stone giant
  2474 | D        | Killed a deep troll earth mage
  2484 | D        | Gained mutation: You passively map a small area around you. [mutagenic meat]
  2485 | D        | Gained mutation: Your magical capacity is low (-10% MP). [mutagenic meat]
  2486 | D        | Gained mutation: Your flesh is heat resistant. [mutagenic meat]
  2487 | D        | Gained mutation: You can exhale a cloud of poison. [mutagenic meat]
  2764 | D        | Noticed Urug
  2774 | D        | Killed Urug
  2812 | D        | Noticed a tarantella
  2812 | D        | Noticed a spider
  2812 | D        | Noticed a jumping spider
  2812 | D        | Noticed a jumping spider
  2812 | D        | Noticed an orb spider
  2812 | D        | Noticed a hornet
  2814 | D        | Noticed a trapdoor spider
  2816 | D        | Killed a spider
  2816 | D        | Killed a jumping spider
  2816 | D        | Reached skill level 15 in Evocations
  2816 | D        | Killed a jumping spider
  2816 | D        | Killed a hornet
  2816 | D        | Killed a trapdoor spider
  2817 | D        | Killed a tarantella
  2818 | D        | Noticed a wolf spider
  2819 | D        | Noticed a tarantella
  2822 | D        | Killed an orb spider
  2826 | D        | Killed a wolf spider
  2831 | D        | Killed a tarantella
  2852 | D        | Noticed a black mamba
  2852 | D        | Noticed a naga warrior
  2852 | D        | Noticed a black mamba
  2852 | D        | Noticed a naga warrior
  2852 | D        | Noticed a black mamba
  2852 | D        | Noticed a naga mage
  2856 | D        | Killed a black mamba
  2857 | D        | Noticed a guardian serpent
  2860 | D        | Noticed a naga
  2861 | D        | Noticed a naga warrior
  2863 | D        | Killed a black mamba
  2863 | D        | Killed a black mamba
  2863 | D        | Gained mutation: You can use your snake-like lower body to constrict enemies. [Naga growth]
  2863 | D        | Reached XP level 13. HP: 109/142 MP: 22/22
  2863 | D        | Killed a guardian serpent
  2867 | D        | Killed a naga warrior
  2871 | D        | Killed a naga warrior
  2880 | D        | Killed a naga warrior
  2880 | D        | Killed a naga mage
  2880 | D        | Reached skill level 10 in Shields
  2880 | D        | Killed a naga
  3199 | D        | Noticed a merfolk
  3199 | D        | Noticed a manticore
  3199 | D        | Noticed a merfolk
  3199 | D        | Noticed a sea snake
  3199 | D        | Noticed a griffon
  3199 | D        | Noticed a manticore
  3200 | D        | Noticed a harpy
  3203 | D        | Killed a sea snake
  3208 | D        | Noticed a satyr
  3208 | D        | Killed a merfolk
  3211 | D        | Noticed a wind drake
  3212 | D        | Killed a manticore
  3212 | D        | Reached skill level 5 in Invocations
  3217 | D        | Killed a merfolk
  3222 | D        | Killed a griffon
  3223 | D        | Killed a manticore
  3226 | D        | Killed a harpy
  3233 | D        | Killed a satyr
  3238 | D        | Killed a wind drake
  3256 | D        | Noticed a vampire mosquito
  3256 | D        | Noticed a spriggan rider
  3256 | D        | Noticed a giant leech
  3256 | D        | Noticed a bog body
  3256 | D        | Noticed a spriggan rider
  3256 | D        | Noticed a spiny frog
  3257 | D        | Killed a vampire mosquito
  3257 | D        | Killed a spriggan
  3258 | D        | Noticed a giant leech
  3259 | D        | Killed a spriggan rider
  3259 | D        | Killed a wasp
  3259 | D        | Reached skill level 10 in Invocations
  3263 | D        | Noticed a swamp dragon
  3265 | D        | Noticed a spiny frog
  3265 | D        | Killed a giant leech
  3266 | D        | Killed a bog body
  3266 | D        | Killed a wasp
  3266 | D        | Killed a spiny frog
  3270 | D        | Killed a giant leech
  3274 | D        | Killed a swamp dragon
  3276 | D        | Killed a spiny frog
  3388 | D        | Noticed a stone giant
  3388 | D        | Noticed an ogre mage
  3388 | D        | Noticed a yaktaur
  3388 | D        | Noticed a giant orange brain
  3388 | D        | Noticed a purple ugly thing
  3388 | D        | Noticed a giant orange brain
  3389 | D        | Noticed a stone giant
  3393 | D        | Noticed a flayed ghost
  3394 | D        | Killed a stone giant
  3394 | D        | Reached skill level 17 in Fighting
  3396 | D        | Killed a giant orange brain
  3399 | D        | Killed an ogre mage
  3403 | D        | Killed a yaktaur
  3403 | D        | Killed a giant orange brain
  3405 | D        | Killed a purple ugly thing
  3406 | D        | Noticed an ettin
  3406 | D        | Killed a stone giant
  3406 | D        | Killed a flayed ghost
  3409 | D        | Noticed an entropy weaver
  3412 | D        | Noticed a frost giant
  3412 | D        | Killed an ettin
  3419 | D        | Killed an entropy weaver
  3430 | D        | Killed a frost giant
  3430 | D        | Reached XP level 14. HP: 49/154 MP: 0/23
  3719 | D        | Noticed a yaktaur captain
  3720 | D        | Noticed a fire giant
  3721 | D        | Noticed a stone giant
  3722 | D        | Noticed a rakshasa
  3725 | D        | Killed a stone giant
  3726 | D        | Killed a yaktaur captain
  3726 | D        | Killed a fire giant
  3726 | D        | Reached skill level 18 in Fighting
  3726 | D        | Killed a rakshasa
  3728 | D        | Noticed a slime creature
  3730 | D        | Noticed a deep troll shaman
  3732 | D        | Killed a slime creature
  3738 | D        | Killed a deep troll shaman
  3739 | D        | Noticed an ice dragon
  3749 | D        | Killed an ice dragon
  3914 | D        | Noticed a hornet
  3914 | D        | Noticed a centaur warrior
  3914 | D        | Noticed a yaktaur captain
  3914 | D        | Noticed a cyclops
  3914 | D        | Noticed a centaur warrior
  3914 | D        | Noticed an ogre mage
  3918 | D        | Killed a hornet
  3919 | D        | Noticed a slime creature
  3920 | D        | Noticed a vault warden
  3920 | D        | Killed a centaur warrior
  3922 | D        | Killed an ogre mage
  3922 | D        | Killed a slime creature
  3924 | D        | Killed a yaktaur captain
  3925 | D        | Noticed a necromancer
  3926 | D        | Killed a cyclops
  3927 | D        | Noticed a yaktaur captain
  3929 | D        | Noticed an ironbrand convoker
  3929 | D        | Killed a centaur warrior
  3931 | D        | Killed a necromancer
  3931 | D        | Killed an ironbrand convoker
  3934 | D        | Noticed a deep elf knight
  3934 | D        | Killed a vault warden
  3936 | D        | Noticed a vault warden
  3937 | D        | Noticed a fire giant
  3938 | D        | Killed a yaktaur captain
  3939 | D        | Killed a deep elf knight
  3943 | D        | Killed a vault warden
  3944 | D        | Killed a fire giant
  4277 | D        | Noticed a griffon
  4278 | D        | Noticed a red ugly thing
  4279 | D        | Noticed a yaktaur captain
  4280 | D        | Noticed an ironbrand convoker
  4281 | D        | Noticed an unseen horror
  4281 | D        | an unseen horror changed into a queen bee
  4282 | D        | Noticed a vault sentinel
  4283 | D        | Noticed a guardian serpent
  4284 | D        | Killed a guardian serpent
  4285 | D        | Killed an ironbrand convoker
  4285 | D        | Reached skill level 19 in Fighting
  4285 | D        | Killed a vault sentinel
  4286 | D        | Killed a griffon
  4286 | D        | Killed a red ugly thing
  4286 | D        | Killed a yaktaur captain
  4291 | D        | Gained mutation: You are weak. (Str -2) [mutagenic meat]
  4648 | D        | Noticed a guardian serpent
  4648 | D        | Noticed a guardian serpent
  4648 | D        | Noticed a naga
  4648 | D        | Noticed a naga
  4648 | D        | Noticed a greater naga
  4648 | D        | Noticed a naga warrior
  4649 | D        | Noticed a greater naga
  4650 | D        | Noticed a greater naga
  4650 | D        | Killed a guardian serpent
  4650 | D        | Reached skill level 1 in Armour
  4650 | D        | Killed a guardian serpent
  4654 | D        | Killed a naga
  4654 | D        | Killed a naga
  4655 | D        | Killed a greater naga
  4655 | D        | Reached skill level 5 in Armour
  4657 | D        | Noticed a guardian serpent
  4658 | D        | Killed a greater naga
  4659 | D        | Noticed a naga
  4662 | D        | Killed a greater naga
  4662 | D        | Reached XP level 15. HP: 111/166 MP: 16/24
  4662 | D        | Killed a guardian serpent
  4663 | D        | Noticed a naga warrior
  4664 | D        | Noticed a naga mage
  4666 | D        | Killed a naga warrior
  4667 | D        | Noticed a naga mage
  4668 | D        | Killed a naga
  4671 | D        | Killed a naga warrior
  4673 | D        | Killed a naga mage
  4677 | D        | Killed a naga mage
  4680 | D        | Got a serpentine rune of Zot
  4703 | D        | Gained mutation: You are clumsy. (Dex -2) [mutagenic meat]
  4704 | D        | Gained mutation: Your magical capacity is very low (-20% MP). [mutagenic meat]
  4705 | D        | Lost mutation: You are clumsy. (Dex -2) [mutagenic meat]
  4706 | D        | Lost mutation: You are weak. (Str -2) [potion of cure mutation]
  4706 | D        | Lost mutation: You can exhale a cloud of poison. [potion of cure mutation]
  4706 | D        | Lost mutation: You passively map a small area around you. [potion of cure mutation]
  4706 | D        | Lost mutation: Your magical capacity is very low (-20% MP). [potion of cure mutation]
  4707 | D        | Gained mutation: You are partially covered in rugged brown scales (AC +1, +3% HP). [mutagenic meat]
  4709 | D        | Gained mutation: You occasionally shout uncontrollably at your foes. [mutagenic meat]
  4710 | D        | Gained mutation: Your tail ends in a poisonous barb. [mutagenic meat]
  4711 | D        | Gained mutation: You are frail (-10% HP). [mutagenic meat]
  4712 | D        | Gained mutation: You can translocate small distances at will. [mutagenic meat]
  4713 | D        | Lost mutation: Your tail ends in a poisonous barb. [mutagenic meat]
  4714 | D        | Lost mutation: You are frail (-10% HP). [potion of cure mutation]
  4714 | D        | Lost mutation: You occasionally shout uncontrollably at your foes. [potion of cure mutation]
  4714 | D        | Lost mutation: Your magical capacity is low (-10% MP). [potion of cure mutation]
  4714 | D        | Lost mutation: Your flesh is heat resistant. [potion of cure mutation]
  4714 | D        | Lost mutation: You can translocate small distances at will. [potion of cure mutation]
  4716 | D        | Gained mutation: Your tail ends in a poisonous barb. [mutagenic meat]
  4717 | D        | Gained mutation: Your tail ends in a sharp poisonous barb. [mutagenic meat]
  4847 | D        | Noticed a swamp dragon
  4847 | D        | Noticed a swamp dragon
  4847 | D        | Noticed a five-headed hydra
  4847 | D        | Noticed a four-headed hydra
  4847 | D        | Noticed an eight-headed hydra
  4847 | D        | Noticed a seven-headed hydra
  4850 | D        | Noticed an alligator
  4851 | D        | Killed a swamp dragon
  4851 | D        | Reached skill level 10 in Armour
  4853 | D        | Killed a swamp dragon
  4853 | D        | Killed a five-headed hydra
  4853 | D        | Killed a four-headed hydra
  4853 | D        | Killed a seven-headed hydra
  4854 | D        | Noticed a four-headed hydra
  4855 | D        | Noticed a swamp dragon
  4855 | D        | Killed an eight-headed hydra
  4856 | D        | Noticed a swamp dragon
  4857 | D        | Killed an alligator
  4859 | D        | Noticed a four-headed hydra
  4861 | D        | Noticed a swamp drake
  4862 | D        | Killed a four-headed hydra
  4863 | D        | Killed a swamp dragon
  4863 | D        | Killed a swamp dragon
  4863 | D        | Killed a four-headed hydra
  4863 | D        | Killed a swamp drake
  4864 | D        | Noticed a five-headed hydra
  4868 | D        | Killed a five-headed hydra
  4872 | D        | Got a decaying rune of Zot
  4984 | D        | Noticed a merfolk impaler
  4984 | D        | Noticed a merfolk javelineer
  4984 | D        | Noticed a merfolk javelineer
  4984 | D        | Noticed a merfolk javelineer
  4984 | D        | Noticed a merfolk aquamancer
  4984 | D        | Noticed a merfolk javelineer
  4985 | D        | Noticed Ilsuiw
  4988 | D        | Killed a merfolk aquamancer
  4988 | D        | Killed a merfolk javelineer
  4988 | D        | Killed a merfolk javelineer
  4989 | D        | Noticed a merfolk avatar
  4992 | D        | Noticed a merfolk aquamancer
  4992 | D        | Noticed a merfolk javelineer
  4996 | D        | Killed Ilsuiw
  4997 | D        | Noticed a merfolk impaler
  4999 | D        | Killed a merfolk aquamancer
  5000 | D        | Noticed a merfolk impaler
  5004 | D        | Killed a merfolk javelineer
  5005 | D        | Noticed a merfolk impaler
  5007 | D        | Killed a merfolk javelineer
  5011 | D        | Killed a merfolk avatar
  5015 | D        | Killed a merfolk javelineer
  5018 | D        | Killed a merfolk impaler
  5024 | D        | Killed a merfolk impaler
  5030 | D        | Killed a merfolk impaler
  5035 | D        | Killed a merfolk impaler
  5035 | D        | Reached skill level 20 in Fighting
  5388 | D        | Noticed an emperor scorpion
  5388 | D        | Noticed a wolf spider
  5388 | D        | Noticed a redback
  5388 | D        | Noticed a wolf spider
  5388 | D        | Noticed an emperor scorpion
  5388 | D        | Noticed an emperor scorpion
  5392 | D        | Killed a redback
  5397 | D        | Killed an emperor scorpion
  5398 | D        | Killed a wolf spider
  5399 | D        | Killed a wolf spider
  5400 | D        | Noticed a moth of wrath
  5409 | D        | Killed an emperor scorpion
  5418 | D        | Killed an emperor scorpion
  5418 | D        | Reached skill level 15 in Dodging
  5419 | D        | Noticed an emperor scorpion
  5422 | D        | Killed a moth of wrath
  5423 | D        | Noticed a jumping spider
  5424 | D        | Noticed an emperor scorpion
  5434 | D        | Killed an emperor scorpion
  5434 | D        | Killed a jumping spider
  5436 | D        | Noticed an emperor scorpion
  5439 | D        | Killed an emperor scorpion
  5450 | D        | Noticed an emperor scorpion
  5451 | D        | Killed an emperor scorpion
  5453 | D        | Noticed a redback
  5465 | D        | Killed an emperor scorpion
  5465 | D        | Reached XP level 16. HP: 128/185 MP: 28/28
  5468 | D        | Killed a redback
  5470 | D        | Got a gossamer rune of Zot
  5760 | D        | Noticed a vault guard
  5760 | D        | Noticed a vault guard
  5760 | D        | Noticed a vault guard
  5760 | D        | Noticed a vault guard
  5760 | D        | Noticed a vault guard
  5760 | D        | Noticed a vault guard
  5763 | D        | Killed a vault guard
  5764 | D        | Noticed a vault guard
  5765 | D        | Noticed a vault guard
  5766 | D        | Killed a vault guard
  5768 | D        | Killed a vault guard
  5770 | D        | Killed a vault guard
  5772 | D        | Noticed a vault guard
  5773 | D        | Killed a vault guard
  5773 | D        | Reached skill level 21 in Fighting
  5775 | D        | Killed a vault guard
  5776 | D        | Killed a vault guard
  5777 | D        | Noticed a vault guard
  5778 | D        | Killed a vault guard
  5779 | D        | Noticed a vault guard
  5782 | D        | Noticed a vault guard
  5783 | D        | Killed a vault guard
  5785 | D        | Killed a vault guard
  5786 | D        | Noticed a vault guard
  5790 | D        | Killed a vault guard
  5791 | D        | Noticed a vault guard
  5794 | D        | Noticed a vault guard
  5796 | D        | Killed a vault guard
  5798 | D        | Killed a vault guard
  5801 | D        | Killed a vault guard
  5806 | D        | Killed a vault guard
  5844 | D        | Noticed a vault guard
  5845 | D        | Noticed a vault guard
  5846 | D        | Noticed a vault guard
  5849 | D        | Killed a vault guard
  5853 | D        | Noticed a vault guard
  5854 | D        | Killed a vault guard
  5856 | D        | Noticed a vault guard
  5858 | D        | Noticed a vault guard
  5859 | D        | Killed a vault guard
  5861 | D        | Killed a vault guard
  5862 | D        | Noticed a vault guard
  5868 | D        | Killed a vault guard
  5869 | D        | Noticed a vault guard
  5876 | D        | Killed a vault guard
  5880 | D        | Killed a vault guard
  5881 | D        | Killed a vault guard
  5881 | D        | Reached skill level 15 in Armour
  5884 | D        | Noticed a vault guard
  5885 | D        | Noticed a vault guard
  5887 | D        | Killed a vault guard
  5887 | D        | Reached skill level 22 in Fighting
  5887 | D        | Reached skill level 15 in Shields
  5891 | D        | Killed a vault guard
  5898 | D        | Noticed an ettin
  5898 | D        | Noticed a yaktaur captain
  5898 | D        | Noticed a necromancer
  5898 | D        | Noticed a harpy
  5898 | D        | Noticed a yaktaur captain
  5898 | D        | Noticed a flayed ghost
  5899 | D        | Noticed an ironheart preserver
  5900 | D        | Killed a harpy
  5902 | D        | Killed a necromancer
  5903 | D        | Killed an ettin
  5903 | D        | Killed a yaktaur captain
  5903 | D        | Killed a flayed ghost
  5904 | D        | Noticed a deep elf fighter
  5905 | D        | Noticed a frost giant
  5905 | D        | Killed a yaktaur captain
  5910 | D        | Noticed an ironbrand convoker
  5910 | D        | Killed an ironheart preserver
  5912 | D        | Noticed a stone giant
  5914 | D        | Noticed a shadow dragon
  5915 | D        | Killed a frost giant
  5916 | D        | Killed a deep elf fighter
  5918 | D        | Killed an ironbrand convoker
  5920 | D        | Noticed an ironheart preserver
  5925 | D        | Killed a stone giant
  5932 | D        | Killed a shadow dragon
  5934 | D        | Noticed a shadow dragon
  5935 | D        | Killed an ironheart preserver
  5936 | D        | Noticed a tengu reaver
  5937 | D        | Noticed a tengu reaver
  5942 | D        | Killed a shadow dragon
  5943 | D        | Noticed a stone giant
  5948 | D        | Killed a tengu reaver
  5954 | D        | Killed a tengu reaver
  5954 | D        | Reached skill level 23 in Fighting
  5958 | D        | Killed a stone giant
  6043 | D        | Noticed a fire giant
  6043 | D        | Noticed a shadow dragon
  6043 | D        | Noticed a golden dragon
  6043 | D        | Noticed an orc knight
  6043 | D        | Noticed a golden dragon
  6043 | D        | Noticed a shadow dragon
  6044 | D        | Noticed a shadow dragon
  6047 | D        | Killed an orc knight
  6048 | D        | Noticed a shadow dragon
  6048 | D        | Killed a fire giant
  6048 | D        | Killed a golden dragon
  6048 | D        | Reached XP level 17. HP: 152/201 MP: 13/29
  6048 | D        | Killed a golden dragon
  6049 | D        | Noticed a quicksilver dragon
  6051 | D        | Killed a shadow dragon
  6053 | D        | Killed a shadow dragon
  6053 | D        | Killed a shadow dragon
  6054 | D        | Killed a quicksilver dragon
  6065 | D        | Killed a shadow dragon
  6065 | D        | Reached skill level 24 in Fighting
  6074 | D        | Got a silver rune of Zot
  6493 | D        | Got the ring "Qabef" {+Inv Int-3 Dex+2 Slay+3}
  6495 | D        | Got the amulet of the Four Nights {rCorr rF+ Int+2 Stlth-}
  6497 | D        | Got the ring "Xoifagyh" {rC+ MP+9 Str-4 Stlth+}
  6499 | D        | Got a ring of Sudgheom {*Drain rC++ AC+3 Int+2}
  6501 | D        | Got the ring "Fubedeps" {rElec rPois rF+ rC- Stlth+}
  6701 | D        | Noticed a necromancer
  6702 | D        | Noticed Margery
  6703 | D        | Noticed a hell knight
  6705 | D        | Noticed a hell knight
  6705 | D        | Killed a necromancer
  6706 | D        | Noticed a necromancer
  6711 | D        | Killed Margery
  6714 | D        | Killed a hell knight
  6716 | D        | Killed a hell knight
  6718 | D        | Killed a necromancer
  6720 | D        | Noticed a hell knight
  6721 | D        | Noticed Xtahua
  6724 | D        | Killed a hell knight
  6726 | D        | Noticed Nikola
  6727 | D        | Killed Xtahua
  6729 | D        | Noticed Boris
  6730 | D        | Noticed Mara
  6732 | D        | Noticed Frederick
  6736 | D        | Killed Nikola
  6737 | D        | Noticed Louise
  6749 | D        | Killed Boris
  6756 | D        | Killed Mara
  6757 | D        | Killed Louise
  6762 | D        | Killed Frederick
  6762 | D        | Reached skill level 25 in Fighting
  6769 | D        | Killed Mara
  6800 | D        | Noticed Jory
  6806 | D        | Killed Jory
  7044 | D        | Noticed Mennas
  7055 | D        | Killed Mennas
  7081 | D        | Noticed Norris
  7090 | D        | Killed Norris
  7090 | D        | Reached XP level 18. HP: 211/220 MP: 30/30
  7114 | D        | Noticed a manticore
  7114 | D        | Noticed a centaur warrior
  7114 | D        | Noticed a yaktaur
  7114 | D        | Noticed a vampire mosquito
  7114 | D        | Noticed a freezing wraith
  7114 | D        | Noticed a vampire mosquito
  7115 | D        | Noticed a crimson imp
  7117 | D        | Killed a manticore
  7119 | D        | Noticed a tengu conjurer
  7119 | D        | Killed a centaur warrior
  7121 | D        | Killed a yaktaur
  7121 | D        | Reached skill level 26 in Fighting
  7122 | D        | Killed a vampire mosquito
  7124 | D        | Killed a freezing wraith
  7127 | D        | Killed a vampire mosquito
  7129 | D        | Killed a tengu conjurer
  7138 | D        | Killed a crimson imp
  7149 | D        | Noticed a storm dragon
  7149 | D        | Noticed a yellow draconian
  7149 | D        | Noticed a mottled draconian
  7149 | D        | Noticed a yellow draconian
  7149 | D        | Noticed an ice dragon
  7149 | D        | Noticed a fire dragon
  7152 | D        | Killed a storm dragon
  7156 | D        | Noticed a green draconian
  7157 | D        | Killed a yellow draconian
  7159 | D        | Noticed a black draconian
  7161 | D        | Killed a mottled draconian
  7162 | D        | Noticed a mottled draconian
  7166 | D        | Killed a yellow draconian
  7168 | D        | Noticed a purple draconian
  7168 | D        | Noticed a purple draconian
  7171 | D        | Killed an ice dragon
  7177 | D        | Killed a fire dragon
  7182 | D        | Killed a green draconian
  7183 | D        | Noticed a mottled dragon
  7188 | D        | Killed a black draconian
  7190 | D        | Killed a mottled draconian
  7196 | D        | Killed a purple draconian
  7200 | D        | Killed a purple draconian
  7202 | D        | Killed a mottled dragon
  7238 | D        | Noticed a black draconian zealot
  7238 | D        | Noticed a mottled draconian
  7238 | D        | Noticed a green draconian
  7238 | D        | Noticed a yellow draconian
  7238 | D        | Noticed a white draconian
  7238 | D        | Noticed a moth of wrath
  7241 | D        | Killed a black draconian zealot
  7242 | D        | Noticed a golden dragon
  7248 | D        | Killed a mottled draconian
  7251 | D        | Killed a green draconian
  7260 | D        | Killed a yellow draconian
  7263 | D        | Killed a white draconian
  7272 | D        | Killed a golden dragon
  7273 | D        | Killed a moth of wrath
  7351 | D        | Noticed a purple draconian
  7351 | D        | Noticed a moth of wrath
  7351 | D        | Noticed a yellow draconian
  7351 | D        | Noticed a black draconian caller
  7351 | D        | Noticed a storm dragon
  7351 | D        | Noticed a death cob
  7352 | D        | Killed a death cob
  7352 | D        | Noticed a moth of wrath
  7356 | D        | Noticed a red draconian monk
  7357 | D        | Killed a purple draconian
  7357 | D        | Reached skill level 27 in Fighting
  7359 | D        | Killed a moth of wrath
  7367 | D        | Killed a black draconian caller
  7369 | D        | Killed a yellow draconian
  7375 | D        | Killed a storm dragon
  7381 | D        | Killed a red draconian monk
  7385 | D        | Killed a moth of wrath
  7401 | D        | Noticed a mottled draconian
  7401 | D        | Noticed a purple draconian
  7401 | D        | Noticed a black draconian knight
  7401 | D        | Noticed a white draconian
  7401 | D        | Noticed an electric golem
  7401 | D        | Noticed an ice dragon
  7402 | D        | Noticed a tentacled monstrosity
  7415 | D        | Killed a black draconian knight
  7416 | D        | Noticed a golden dragon
  7417 | D        | Noticed a death cob
  7417 | D        | Killed a death cob
  7421 | D        | Killed a tentacled monstrosity
  7421 | D        | Reached skill level 27 in Unarmed Combat
  7423 | D        | Killed an electric golem
  7425 | D        | Killed a mottled draconian
  7425 | D        | Killed a white draconian
  7425 | D        | Killed an ice dragon
  7426 | D        | Killed a purple draconian
  7428 | D        | Killed a golden dragon
  7439 | D        | Noticed a green draconian caller
  7439 | D        | Noticed a green draconian
  7439 | D        | Noticed a moth of wrath
  7439 | D        | Noticed a mottled draconian zealot
  7439 | D        | Noticed a death cob
  7439 | D        | Noticed a shadow dragon
  7444 | D        | Killed a green draconian caller
  7448 | D        | Killed a green draconian
  7451 | D        | Noticed a green draconian zealot
  7453 | D        | Killed a moth of wrath
  7455 | D        | Noticed a moth of wrath
  7456 | D        | Killed a death cob
  7461 | D        | Noticed a black draconian annihilator
  7464 | D        | Killed a mottled draconian zealot
  7468 | D        | Killed a shadow dragon
  7468 | D        | Reached skill level 5 in Spellcasting
  7471 | D        | Killed a green draconian zealot
  7474 | D        | Killed a moth of wrath
  7477 | D        | Killed a black draconian annihilator
  7477 | D        | Reached XP level 19. HP: 171/232 MP: 20/31
  7600 | D        | Noticed an Orb Guardian
  7600 | D        | Noticed an Orb Guardian
  7600 | D        | Noticed an Orb Guardian
  7600 | D        | Noticed an Orb Guardian
  7600 | D        | Noticed an Orb Guardian
  7600 | D        | Noticed an Orb Guardian
  7604 | D        | Killed an Orb Guardian
  7609 | D        | Killed an Orb Guardian
  7614 | D        | Killed an Orb Guardian
  7619 | D        | Killed an Orb Guardian
  7623 | D        | Noticed an Orb Guardian
  7623 | D        | Killed an Orb Guardian
  7623 | D        | Reached skill level 10 in Spellcasting
  7627 | D        | Killed an Orb Guardian
  7631 | D        | Killed an Orb Guardian
  7632 | D        | Noticed an Orb Guardian
  7633 | D        | Noticed an Orb Guardian
  7638 | D        | Killed an Orb Guardian
  7640 | D        | Noticed an Orb Guardian
  7640 | D        | Killed an Orb Guardian
  7642 | D        | Killed an Orb Guardian
  7650 | D        | Noticed a golden dragon
  7650 | D        | Noticed a storm dragon
  7650 | D        | Noticed an Orb Guardian
  7650 | D        | Noticed an Orb Guardian
  7650 | D        | Noticed a fire dragon
  7650 | D        | Noticed a ghost moth
  7651 | D        | Noticed an Orb Guardian
  7653 | D        | Killed an Orb Guardian
  7653 | D        | Killed an Orb Guardian
  7653 | D        | Killed an Orb Guardian
  7655 | D        | Noticed an Orb Guardian
  7656 | D        | Killed a golden dragon
  7663 | D        | Killed a storm dragon
  7666 | D        | Killed a fire dragon
  7667 | D        | Killed a ghost moth
  7671 | D        | Killed an Orb Guardian
  7854 | D        | Noticed an ancient lich
  7857 | D        | Killed an ancient lich
  7857 | D        | Reached skill level 15 in Spellcasting
  7859 | D        | Noticed an orb of fire
  7871 | D        | Killed an orb of fire
  8019 | D        | Noticed an electric golem
  8025 | D        | Killed an electric golem
  8028 | D        | Noticed a shadow dragon
  8028 | D        | Noticed a black draconian knight
  8028 | D        | Noticed a shadow dragon
  8028 | D        | Noticed a white draconian monk
  8028 | D        | Noticed a curse toe
  8028 | D        | Noticed an orb of fire
  8029 | D        | Noticed an ancient lich
  8031 | D        | Noticed an orb of fire
  8032 | D        | Killed a shadow dragon
  8032 | D        | Killed a black draconian knight
  8033 | D        | Killed an orb of fire
  8033 | D        | Reached skill level 15 in Invocations
  8033 | D        | Killed a shadow dragon
  8033 | D        | Killed an ancient lich
  8033 | D        | Reached XP level 20. HP: 230/243 MP: 23/39
  8034 | D        | Noticed an orb of fire
  8036 | D        | Killed an orb of fire
  8036 | D        | Gained mutation: You are dopey. (Int -2) [an orb of fire]
  8040 | D        | Noticed a moth of wrath
  8045 | D        | Killed an orb of fire
  8046 | D        | Noticed an orb of fire
  8046 | D        | Killed a white draconian monk
  8047 | D        | Noticed a shadow dragon
  8049 | D        | Noticed an ancient lich
  8052 | D        | Killed a curse toe
  8056 | D        | Noticed a black draconian shifter
  8058 | D        | Killed a moth of wrath
  8063 | D        | Killed an orb of fire
  8065 | D        | Killed an ancient lich
  8071 | D        | Killed a shadow dragon
  8077 | D        | Killed a black draconian shifter
  8154 | D        | Noticed an Orb Guardian
  8154 | D        | Noticed an Orb Guardian
  8154 | D        | Noticed an Orb Guardian
  8154 | D        | Noticed an Orb Guardian
  8154 | D        | Noticed an Orb Guardian
  8154 | D        | Noticed an Orb Guardian
  8159 | D        | Killed an Orb Guardian
  8164 | D        | Killed an Orb Guardian
  8171 | D        | Killed an Orb Guardian
  8172 | D        | Noticed a moth of wrath
  8174 | D        | Killed an Orb Guardian
  8175 | D        | Killed an Orb Guardian
  8176 | D        | Noticed an Orb Guardian
  8182 | D        | Killed an Orb Guardian
  8183 | D        | Noticed an Orb Guardian
  8189 | D        | Killed an Orb Guardian
  8197 | D        | Killed an Orb Guardian
  8202 | D        | Killed a moth of wrath
  8203 | D        | Noticed an Orb Guardian
  8204 | D        | Noticed an Orb Guardian
  8207 | D        | Noticed an Orb Guardian
  8208 | D        | Killed an Orb Guardian
  8213 | D        | Killed an Orb Guardian
  8220 | D        | Killed an Orb Guardian
  8221 | D        | Noticed a moth of wrath
  8222 | D        | Noticed an Orb Guardian
  8224 | D        | Killed a moth of wrath
  8227 | D        | Killed an Orb Guardian
  8307 | D        | Noticed a lich
  8307 | D        | Noticed a vampire knight
  8307 | D        | Noticed a lich
  8307 | D        | Noticed a vampire knight
  8307 | D        | Noticed a vampire knight
  8307 | D        | Noticed a vampire knight
  8309 | D        | Killed a lich
  8310 | D        | Noticed a lich
  8311 | D        | Noticed a lich
  8311 | D        | Killed a vampire knight
  8314 | D        | Killed a lich
  8314 | D        | Killed a vampire knight
  8314 | D        | Killed a vampire knight
  8314 | D        | Killed a lich
  8316 | D        | Noticed an ancient lich
  8316 | D        | Killed a vampire knight
  8316 | D        | Reached XP level 21. HP: 240/251 MP: 26/40
  8320 | D        | Noticed a vampire knight
  8323 | D        | Killed a lich
  8326 | D        | Noticed a vampire knight
  8331 | D        | Killed an ancient lich
  8335 | D        | Killed a vampire knight
  8337 | D        | Killed a vampire knight
  8699 | D        | Noticed a spriggan baker
  8699 | D        | Noticed a spriggan baker
  8699 | D        | Noticed a spriggan baker
  8699 | D        | Noticed a spriggan baker
  8699 | D        | Noticed a spriggan baker
  8699 | D        | Noticed a spriggan baker
  8700 | D        | Killed a spriggan baker
  8701 | D        | Killed a spriggan baker
  8702 | D        | Noticed a spriggan baker
  8703 | D        | Noticed a spriggan baker
  8704 | D        | Killed a spriggan baker
  8705 | D        | Noticed a spriggan baker
  8709 | D        | Killed a spriggan baker
  8712 | D        | Killed a spriggan baker
  8713 | D        | Killed a spriggan baker
  8714 | D        | Noticed a spriggan baker
  8715 | D        | Killed a spriggan baker
  8717 | D        | Noticed a spriggan baker
  8719 | D        | Killed a spriggan baker
  8721 | D        | Killed a spriggan baker
  8725 | D        | Killed a spriggan baker
  8727 | D        | Killed a spriggan baker
  8747 | D        | Noticed a deep elf master archer
  8747 | D        | Noticed a deep elf blademaster
  8747 | D        | Noticed a deep elf demonologist
  8747 | D        | Noticed a deep elf death mage
  8747 | D        | Noticed a deep elf death mage
  8747 | D        | Noticed a deep elf annihilator
  8749 | D        | Killed a deep elf blademaster
  8750 | D        | Noticed a deep elf blademaster
  8751 | D        | Killed a deep elf demonologist
  8752 | D        | Noticed a deep elf demonologist
  8753 | D        | Killed a deep elf master archer
  8753 | D        | Killed a deep elf death mage
  8753 | D        | Killed a deep elf death mage
  8753 | D        | Killed a deep elf annihilator
  8754 | D        | Killed a deep elf blademaster
  8755 | D        | Noticed a deep elf death mage
  8756 | D        | Noticed a deep elf sorcerer
  8756 | D        | Killed a deep elf demonologist
  8757 | D        | Noticed a deep elf master archer
  8758 | D        | Noticed a deep elf annihilator
  8760 | D        | Killed a deep elf death mage
  8763 | D        | Noticed a deep elf demonologist
  8764 | D        | Noticed a deep elf blademaster
  8764 | D        | Killed a deep elf master archer
  8767 | D        | Killed a deep elf annihilator
  8768 | D        | Killed a deep elf sorcerer
  8775 | D        | Killed a deep elf blademaster
  8777 | D        | Killed a deep elf demonologist
  8809 | D        | Noticed an azure jelly
  8809 | D        | Noticed an azure jelly
  8809 | D        | Noticed an azure jelly
  8809 | D        | Noticed an acid blob
  8809 | D        | Noticed an azure jelly
  8809 | D        | Noticed a golden eye
  8811 | D        | Killed a golden eye
  8812 | D        | Killed an azure jelly
  8813 | D        | Noticed a death ooze
  8816 | D        | Killed an acid blob
  8816 | D        | Killed an azure jelly
  8816 | D        | Killed an azure jelly
  8816 | D        | Killed an azure jelly
  8816 | D        | Killed a death ooze
  8830 | D        | Noticed an acid blob
  8831 | D        | Noticed an acid blob
  8836 | D        | Killed an acid blob
  8837 | D        | Noticed the royal jelly
  8840 | D        | Killed an acid blob
  8844 | D        | Noticed an acid blob
  8844 | D        | Paralysed by a giant eyeball for 3 turns
  8855 | D        | Killed an acid blob
  8855 | D        | Reached skill level 27 in Dodging
  8857 | D        | Killed the royal jelly
  8857 | D        | Reached skill level 27 in Armour
  8857 | D        | Reached skill level 27 in Shields
  8870 | D        | Demolished by an azure jelly

Vault maps used:
D:        linesprint

Action                   |  1- 3 |  4- 6 |  7- 9 | 10-12 | 13-15 | 16-18 | 19-21 || total
-------------------------+-------+-------+-------+-------+-------+-------+-------++-------
Melee: Unarmed           |    33 |     1 |    69 |   156 |   243 |   359 |   256 ||  1117
Invok: Slouch            |       |       |     1 |    11 |    42 |    32 |    30 ||   116
       Bend Time         |       |       |       |       |       |     1 |       ||     1
 Abil: Spit Poison       |     1 |       |     4 |     3 |       |       |       ||     8
Evoke: Wand              |     1 |     3 |     3 |     3 |     3 |     1 |       ||    14
  Use: Potion            |     1 |       |     2 |     2 |     4 |     4 |     2 ||    15
       Scroll            |       |       |     3 |     1 |       |     7 |     1 ||    12
 Stab: Sleeping          |     1 |       |       |     6 |     3 |       |       ||    10
       Distracted        |       |       |       |     1 |       |       |       ||     1
  Eat: Meat ration       |       |       |       |     1 |     2 |     1 |     2 ||     6
       Chunk             |       |       |       |     4 |    15 |       |       ||    19
       Fruit             |       |       |       |       |       |     5 |       ||     5
